 Dungeon Crawl Stone Soup version 0.31-a0-174-g85c54bcb58 (webtiles) character file.

Game seed: 8948231326054249869

472 qw the Chopper (level 7, -3/43 HPs)
             Began as a Gargoyle Fighter on June 15, 2023.
             Slain by Prince Ribbit (10 damage)
             ... on level 5 of the Dungeon.
             The game lasted 00:01:54 (4129 turns).

qw the Chopper (Gargoyle Fighter)                   Turns: 4129, Time: 00:01:55

Health: -3/43      AC: 18    Str: 21    XL:     7   Next: 9%
Magic:  7/7        EV:  8    Int:  9    God:
Gold:   29         SH:  4    Dex:  9    Spells: 6/6 levels left

rFire   . . .        Y - +0 war axe
rCold   . . .        c - +0 buckler
rNeg    + . .        q - +0 chain mail
rPois   inf          r - +2 helmet
rElec   +            (no cloak)
rCorr   .            h - +0 pair of gloves
SInv    .            (no boots)
Will    .....        f - amulet of regeneration Stlth
                     (no ring)
HPRegen 1.07/turn    (no ring)
MPRegen 0.10/turn

%: no passive effects
@: no status effects
A: sickness immunity, AC +4, negative energy resistance 1, electricity
resistance, torment resistance 1, petrification resistance
a: no special abilities


You were on level 5 of the Dungeon.
You visited 1 branch of the dungeon, and saw 5 of its levels.

You collected 150 gold pieces.
You spent 121 gold pieces at shops.


Innate Abilities, Weirdness & Mutations

You are immune to sickness and miasma.
Your stone body is resilient. (AC +4)
You are immune to poison.
You resist negative energy. (rN+)
You are resistant to electric shocks. (rElec)
You are resistant to unholy torment.
You are immune to petrification.


   Skills:
 - Level 4.0 Fighting
 + Level 6.1 Axes
 - Level 3.2 Armour
 - Level 1.7 Dodging
 - Level 3.2 Shields


You had 6 spell levels left.
You didn't know any spells.
Your spell library was empty.

Inventory:

Hand Weapons
 m - a +0 flail
 Y - a +0 war axe (weapon)
Missiles
 b - 2 boomerangs (quivered)
Armour
 c - a +0 buckler (worn)
 h - a +0 pair of gloves (worn)
 q - a +0 chain mail (worn)
 r - a +2 helmet (worn)
Jewellery
 f - an amulet of regeneration (around neck)
Scrolls
 g - a scroll of identify
 p - 2 scrolls of teleportation
Potions
 a - a potion of attraction
 d - 3 potions of might
 i - a potion of mutation
 j - a potion of magic
 k - a potion of curing
 l - 3 potions of cancellation
 n - a potion of haste {unknown}
 s - a potion of lignification {unknown}

Dungeon Overview and Level Annotations

Branches:
Dungeon (5/15)
 Temple: D:4-7

Altars:
Ashenzari
Zin
The Shining One

Shops:
D:3 !

Annotations:
D:5 Prince Ribbit


Message History

Prince Ribbit closely misses you.
The black bear bites you but does no damage.
You block the black bear's attack.
The black bear claws you but does no damage.
Prince Ribbit hits you.
You slash the black bear!
You kill the black bear!
You barely miss Prince Ribbit.
Prince Ribbit hits you but does no damage.
Your Dodging skill increases to level 1!
You have reached level 7!
You closely miss Prince Ribbit.
Prince Ribbit is heavily wounded.
Prince Ribbit barely misses you. x2
You miss Prince Ribbit.
Prince Ribbit is heavily wounded.
You block Prince Ribbit's attack. Prince Ribbit completely misses you.
You hit Prince Ribbit.
Prince Ribbit is heavily wounded.
Prince Ribbit barely misses you.
Prince Ribbit hits you but does no damage.
You hit Prince Ribbit.
Prince Ribbit is severely wounded.
Prince Ribbit hits you!
You miss Prince Ribbit.
Prince Ribbit is severely wounded.
Prince Ribbit hits you but does no damage.
Prince Ribbit hits you!
You barely miss Prince Ribbit.
Prince Ribbit is severely wounded.
Prince Ribbit hits you! Prince Ribbit hits you.
You hit Prince Ribbit.
Prince Ribbit is severely wounded.
Prince Ribbit blinks!
You barely miss Prince Ribbit.
Prince Ribbit is severely wounded.
Prince Ribbit hits you!
Prince Ribbit hops awkwardly around.
Prince Ribbit hits you!
You die...

.....# #. #..... .
#.#.... .## ##.....#
..####### .......#
#........
.####....###........
..........##........
#.........ยค@%......
#......%##.F......
.##.......##........
.......<...#........
###......#.#....?...
#####....#########
###..# ####


You could see Prince Ribbit.

Vanquished Creatures
  A water moccasin (D:5)
  A black bear (D:5)
  2 iguanas (D:4)
  Robin (D:4)
  7 gnolls (D:3)
  5 adders
  A worm (D:2)
  2 orcs (D:4)
  3 bats
  10 endoplasms
  4 giant cockroaches
  18 goblins
  8 hobgoblins
  8 jackals
  8 kobolds
  3 quokkas
  6 ball pythons
  5 frilled lizards
  3 rats
96 creatures vanquished.

Notes
Turn   | Place    | Note
-------+----------+-------------------------------------------
     0 | D:1      | qw the Gargoyle Fighter began the quest for the Orb.
     0 | D:1      | Reached XP level 1. HP: 14/14 MP: 1/1
     0 | D:1      | 0 ||| qw: Version: 0.2-a-29-g511e9b1
     0 | D:1      | 0 ||| qw: Game counter: 5386
     0 | D:1      | 0 ||| qw: Always use a shield: true
     0 | D:1      | 0 ||| qw: God list: Okawaru
     0 | D:1      | 0 ||| qw: Allow faded altars: false
     0 | D:1      | 0 ||| qw: Do Orc after D:15 true
     0 | D:1      | 0 ||| qw: Do second Lair branch before Depths: true
     0 | D:1      | 0 ||| qw: Lair rune preference: random
     0 | D:1      | 0 ||| qw: Plans: Normal, Zot:1-4, Slime:5, God:TSO, Crypt,
                  | Tomb, Abyss, Pan, Hells, Win
     0 | D:1      | 0 ||| PLANNING D:1-11
    43 | D:1      | Reached skill level 2 in Axes
   190 | D:1      | Reached XP level 2. HP: 19/19 MP: 2/2
   370 | D:1      | 370 ||| Stepping ~*~*~tactically~*~*~ (stealth).
   618 | D:1      | Reached skill level 3 in Axes
   671 | D:1      | Reached XP level 3. HP: 23/23 MP: 3/3
  1075 | D:1      | 1075 ||| UPGRADING to +0 pair of gloves.
  1080 | D:1      | 1080 ||| READING scroll labelled WYIGGI VUCZA.
  1081 | D:1      | 1081 ||| READING scroll labelled YSHIESHR BOWA.
  1082 | D:1      | 1082 ||| READING scroll labelled GINNEU XUTEWI.
  1159 | D:2      | 1159 ||| Stepping ~*~*~tactically~*~*~ (stealth).
  1160 | D:2      | 1160 ||| Stepping ~*~*~tactically~*~*~ (stealth).
  1348 | D:2      | 1348 ||| Stepping ~*~*~tactically~*~*~ (stealth).
  1350 | D:2      | 1350 ||| Stepping ~*~*~tactically~*~*~ (hiding).
  1552 | D:2      | Found a glowing silver altar of Zin.
  1605 | D:2      | Reached XP level 4. HP: 28/28 MP: 4/4
  1873 | D:2      | Reached skill level 4 in Axes
  2101 | D:2      | 2101 ||| READING scroll labelled SOUSYA BOATRA.
  2104 | D:2      | 2104 ||| READING scroll labelled QEYRET AHUMU.
  2105 | D:2      | 2105 ||| READING scroll labelled FUEKLANUSO.
  2124 | D:2      | 2124 ||| DRINKING 2 coppery potions.
  2185 | D:3      | 2185 ||| Stepping ~*~*~tactically~*~*~ (stealth).
  2332 | D:3      | 2332 ||| Stepping ~*~*~tactically~*~*~ (stealth).
  2394 | D:3      | Found Gaivuoch's Distillery.
  2400 | D:3      | 2400 ||| BUYING potion of cancellation (88 gold).
  2400 | D:3      | Bought a potion of cancellation for 88 gold pieces
  2400 | D:3      | 2400 ||| BUYING potion of curing (33 gold).
  2400 | D:3      | Bought a potion of curing for 33 gold pieces
  2400 | D:3      | 2400 ||| SHOPLISTING potion of heal wounds (55 gold, have
                  | 19).
  2400 | D:3      | 2400 ||| SHOPLISTING potion of lignification (33 gold, have
                  | 19).
  2400 | D:3      | 2400 ||| SHOPLISTING potion of magic (88 gold, have 19).
  2412 | D:3      | HP: 2/28 [gnoll/+0 flail (10)]
  2530 | D:3      | 2530 ||| DROPPING +0 whip.
  2613 | D:3      | 2613 ||| Stepping ~*~*~tactically~*~*~ (stealth).
  2663 | D:3      | Reached XP level 5. HP: 28/32 MP: 5/5
  2873 | D:3      | 2873 ||| Stepping ~*~*~tactically~*~*~ (hiding).
  2937 | D:3      | 2937 ||| Stepping ~*~*~tactically~*~*~ (stealth).
  2940 | D:3      | Reached skill level 5 in Axes
  3201 | D:3      | 3201 ||| UPGRADING to +0 helmet.
  3206 | D:3      | 3206 ||| UPGRADING to +0 chain mail.
  3216 | D:3      | 3216 ||| DROPPING +0 scale mail.
  3217 | D:3      | 3217 ||| UPGRADING to amulet of regeneration.
  3222 | D:3      | 3222 ||| DRINKING 2 metallic brown potions.
  3223 | D:3      | 3223 ||| READING 3 scrolls of identify.
  3223 | D:3      | 3223 ||| IDENTIFYING fuming purple potion
  3224 | D:3      | 3224 ||| READING 2 scrolls of identify.
  3224 | D:3      | 3224 ||| IDENTIFYING bubbling red potion
  3225 | D:3      | 3225 ||| DROPPING potion of brilliance.
  3336 | D:4      | Found a broken altar of Ashenzari.
  3367 | D:4      | Noticed Robin
  3368 | D:4      | 3368 ||| Stepping ~*~*~tactically~*~*~ (hiding).
  3370 | D:4      | 3370 ||| Stepping ~*~*~tactically~*~*~ (hiding).
  3387 | D:4      | Reached XP level 6. HP: 36/38 MP: 6/6
  3394 | D:4      | Killed Robin
  3521 | D:4      | Found a glowing golden altar of the Shining One.
  3643 | D:4      | 3643 ||| Stepping ~*~*~tactically~*~*~ (stealth).
  3645 | D:4      | 3645 ||| Stepping ~*~*~tactically~*~*~ (stealth).
  3647 | D:4      | 3647 ||| Stepping ~*~*~tactically~*~*~ (hiding).
  3942 | D:4      | 3942 ||| UPGRADING to +2 helmet.
  3952 | D:4      | 3952 ||| DROPPING +0 helmet.
  3953 | D:4      | 3953 ||| READING scroll labelled XORGHU QEAVUTAWN.
  4069 | D:5      | Entered Level 5 of the Dungeon
  4075 | D:5      | Noticed a water moccasin
  4075 | D:5      | Noticed a black bear
  4076 | D:5      | 4076 ||| Stepping ~*~*~tactically~*~*~ (stealth).
  4087 | D:5      | Noticed Prince Ribbit
  4092 | D:5      | Killed a water moccasin
  4093 | D:5      | Reached skill level 6 in Axes
  4095 | D:5      | 4095 ||| FLEEEEING.
  4096 | D:5      | 4096 ||| STAIRDANCE
  4121 | D:5      | Killed a black bear
  4122 | D:5      | Reached skill level 1 in Dodging
  4122 | D:5      | Reached XP level 7. HP: 38/43 MP: 7/7
  4129 | D:5      | HP: 7/43 [Prince Ribbit (13)]
  4129 | D:5      | Slain by Prince Ribbit

Levels and vault maps discovered:
D:1:      enne_arrival_octagon_isle, layout_basic, minmay_pentomino_q2
D:2:      layout_loops_corners, basic_altar, nicolae_elevator_lobby_plus
D:3:      layout_basic, serial_shops, shop, bh_walls_and_bars
D:4:      layout_loops_cross, lemuel_doored_altar,
          mainiacjoe_overflow_tiny_flanked, uniq_robin
D:5:      layout_rooms, mainiacjoe_overflow_alcove_2, uniq_edmund,
          uniq_prince_ribbit1

Skill      XL: |  1  2  3  4  5  6 |
---------------+-------------------+-----
Axes           | 2 3 4 5 6 |  6.1
Fighting       | 4 |  4.0
Dodging        | 1 |  1.7
Armour         | |  3.2
Shields        | |  3.2

Action                     |  1- 3 |  4- 6 |  7- 9 || total
---------------------------+-------+-------+-------++-------
  Melee: War axe           |   117 |   170 |     8 ||   295
  Throw: Boomerang         |       |    27 |       ||    27
    Use: Scroll            |     3 |     6 |       ||     9
         Potion            |       |     2 |       ||     2
 Armour: Scale mail        |    49 |    30 |       ||    79
         Chain mail        |       |    52 |     2 ||    54
  Dodge: Dodged            |    46 |    73 |     4 ||   123
  Block: Buckler           |    14 |    30 |     1 ||    45

Table legend:
 A = Non-vault XP
 B = Vault XP
 C = Vault XP percentage of total XP
 D = Non-vault monster count
 E = Vault monster count
 F = Vault count percentage of total count
                 A         B        C        D         E       F
            +---------+---------+-------+---------+---------+-------
      Total |     638 |      37 |   5.5 |      84 |      12 |  12.5
            +---------+---------+-------+---------+---------+-------
        D:1 |      42 |       2 |   4.5 |      26 |       1 |   3.7
        D:2 |      55 |       0 |   0.0 |      18 |       0 |   0.0
        D:3 |     136 |       0 |   0.0 |      18 |       0 |   0.0
        D:4 |     131 |      35 |  21.1 |      20 |      11 |  35.5
        D:5 |     274 |       0 |   0.0 |       2 |       0 |   0.0
            +---------+---------+-------+---------+---------+-------
